 Dungeon Crawl Stone Soup version 0.28-a0-1429-gf3d713df7a (webtiles) character file.

Game seed: 17568931571022075110

1570 Shayle the Gusty (level 8, 0/50 HPs)
             Began as a Vampire Air Elementalist on Jan 8, 2022.
             Was an Initiate of Gozag.
             Slain by an orc warrior (10 damage)
             ... on level 7 of the Dungeon.
             The game lasted 00:22:34 (7844 turns).

Shayle the Gusty (Vampire Air Elementalist)         Turns: 7844, Time: 00:22:36

Health: 0/50       AC:  7    Str:  7    XL:     8   Next: 59%
Magic:  4/11       EV: 12    Int: 19    God:    Gozag
Gold:   295        SH:  0    Dex: 15    Spells: 4/11 levels left

rFire   . . .      SeeInvis +   f - +6 battleaxe
rCold   + + .      Faith    .   (shield currently unavailable)
rNeg    + + +      Spirit   .   a - +1 robe
rPois   ∞          Reflect  .   (no helmet)
rElec   .          Harm     .   (no cloak)
rCorr   .          Rampage  .   (no gloves)
Will    .....                   (no boots)
Stlth   +++++.....              i - amulet of the acrobat
HPRegen 0.00/turn               m - +4 ring of protection
MPRegen 0.12/turn               (no ring)

@: bloodless, inhibited regen, studying Necromancy
A: bloodless, fangs 3, see invisible, vampiric 2
a: Bat Form, Revivify, Renounce Religion, Potion Petition, Call Merchant, Bribe
Branch


You were on level 7 of the Dungeon.
You worshipped Gozag.
Gozag was aware of your devotion.
You visited 2 branches of the dungeon, and saw 8 of its levels.

You collected 468 gold pieces.
You spent 96 gold pieces at shops.
You paid 77 gold pieces to Gozag.

Inventory:

Hand Weapons
 f - a +6 battleaxe (weapon)
 j - a +2 short sword of freezing
 l - a +0 short sword of draining
 p - a +0 dagger of venom
Missiles
 c - 36 poisoned darts (quivered)
 A - 4 curare-tipped darts
Armour
 a - a +1 robe (worn)
 b - an orb of light
 y - a +0 cloak
Magical Staves
 k - a staff of poison
Jewellery
 i - an amulet of the acrobat (around neck)
 m - a +4 ring of protection (left hand)
 w - an amulet of regeneration
 x - a ring of ice
 z - the necklace of Bloodlust {*Rage Will++ Int-3 Slay+6}
   (You found it on level 7 of the Dungeon)

   [amulet of nothing]

   It extends the wearer's berserk rage when killing foes.
   Int:       It affects your intelligence (-3).
   Slay:      It affects your accuracy & damage with ranged weapons and melee
   (+6).
   *Rage:     It berserks you when you make melee attacks (+50% chance).
   Will:      It greatly increases your willpower.
Wands
 s - a wand of paralysis (10)
Scrolls
 g - a scroll of blinking
 q - a scroll of teleportation {unknown}
 v - a scroll of magic mapping
Potions
 d - a potion of resistance
 e - a potion of haste
 h - a potion of cancellation {unknown}
 n - a potion of curing
 o - a potion of flight
 r - a potion of attraction {unknown}
 t - a potion of degeneration {unknown}
 u - a potion of lignification {unknown}


   Skills:
 + Level 5.4 Fighting
 - Level 2.1 Dodging
 - Level 5.9 Stealth
 + Level 2.5 Unarmed Combat
 - Level 2.0 Spellcasting
 - Level 0.6 Conjurations
 + Level 5.8 Necromancy
 + Level 7.5 Air Magic


You had 4 spell levels left.
You knew the following spells:

 Your Spells              Type           Power      Damage    Failure   Level
a - Shock                 Conj/Air       68%        1d7       3%          1
b - Static Discharge      Conj/Air       17%        N/A       4%          2
c - Airstrike             Air            15%        N/A       8%          4

Your spell library contained the following spells:

 Spells                   Type           Power      Damage    Failure   Level
 Corpse Rot               Necr/Air       54%        N/A       1%          2
 Swiftness                Air            30%        N/A       2%          3
 Vampiric Draining        Necr           23%        2d7       4%          3
 Foxfire                  Conj/Fire      12%        2x1d4     16%         1
 Dispel Undead            Necr           23%        3d12      16%         4
 Slow                     Hex            4%         N/A       17%         1
 Conjure Flame            Conj/Fire      3%         6-21      41%         3
 Confusing Touch          Hex            1%         N/A       45%         3
 Inner Flame              Hex/Fire       1%         N/A       45%         3
 Ozocubu's Armour         Ice            1%         N/A       45%         3
 Flame Wave               Conj/Fire      3%         2d4       83%         4
 Death Channel            Necr           11%        N/A       94%         6
 Metabolic Englaciation   Hex/Ice        0%         N/A       99%         5
 Simulacrum               Ice/Necr       6%         N/A       100%        6


Dungeon Overview and Level Annotations

Branches:
Dungeon (7/15)             Temple (1/1) D:5

Altars:
Ashenzari
Dithmenos
Elyvilon
Gozag
Hepliaklqana
Kikubaaqudgha
Nemelex Xobeh
Okawaru
Sif Muna
Uskayaw
Vehumet
Wu Jian
Xom
Yredelemnul
Zin
The Shining One

Shops:
D:2 (!=


Innate Abilities, Weirdness & Mutations

You do not regenerate when monsters are visible.
You are frail without blood (-20% HP).
You can heal yourself when you bite living creatures.
You are immune to poison.
You have razor-sharp teeth.
You have supernaturally acute eyesight. (SInv)
You are afflicted with vampirism and can become a bat while bloodless.


Message History

You are very lightly contaminated with residual magic.
Nothing appears to happen.
The orc warrior throws a stone.
The stone completely misses you.
Your magical contamination has completely faded away.
Casting: Airstrike (dangerous; 8% risk of failure)
Confirm with . or Enter, or press ? or * to list all spells.
Aiming: Airstrike (dangerous; 8% risk of failure)
Press: ? - help, Dir - move target, f/p - orc warrior
Aim: an orc warrior, wielding a +3 halberd, wearing a +0 chain mail and quivering stones (moderately wounded, empty space bonus: 5/8)
The air twists around and strikes the orc warrior.
The orc warrior is heavily wounded.
Casting: Airstrike (dangerous; 8% risk of failure)
Confirm with . or Enter, or press ? or * to list all spells.
You don't have enough magic to cast this spell.
The orc warrior throws a stone.
The stone closely misses you.
An orc comes into view. It is wielding a +0 trident.
The orc warrior hits you with a +3 halberd!
The orc shouts!
You slash the orc warrior!
The orc warrior is severely wounded.
You hear a shout!
The orc warrior hits you with a +3 halberd!
The orc warrior hits you with a +3 halberd.
You feel better. The orc warrior misses you.
Okay, then.
Aiming: Paralyse
Press: ? - help, Shift-Dir - straight line, f/p - orc warrior
Aim: an orc warrior, wielding a +3 halberd, wearing a +0 chain mail and quivering stones (severely wounded, chance to affect: 49%)
The orc warrior resists with some effort.
A white imp comes into view.
The orc warrior hits you with a +3 halberd!
* * * LOW HITPOINT WARNING * * *
Aiming: Paralyse
Press: ? - help, Shift-Dir - straight line, f/p - orc warrior
Aim: an orc warrior, wielding a +3 halberd, wearing a +0 chain mail and quivering stones (severely wounded, chance to affect: 49%)
The orc warrior resists with some effort.
The orc barely misses you.
The orc warrior hits you with a +3 halberd!
You die...
Your body crumbles into a pile of gold.

### #.##### ###### #.....#
#....# #.###.###############
#>...######.###................
#.............@oo.#############
#....######.####.## #....##
#......# ### ####..## #####...#
#.. ##..# #.... # #.# ##.#
###.#. .. ###.# #.# .###
#.##...# #.# .# #....### #.#
..g.##>...#


You could see an orc warrior and an orc.

Vanquished Creatures
  Sigmund (D:3)
  A necrophage (D:4)
  An ice beast (D:6)
  A sky beast (D:7)
  2 centaurs (D:4)
  A phantom (D:6)
  3 scorpions (D:5)
  A water moccasin skeleton (D:5)
  2 wights
  3 centaur zombies
  An orc priest (D:7)
  A jelly (D:5)
  Jessica (D:2)
  3 iguanas (D:5)
  Natasha (thrice) (D:3)
  An orc wizard (D:7)
  A scorpion zombie (D:3)
  A killer bee zombie (D:7)
  A hound skeleton (D:5)
  2 gnolls (D:7)
  A howler monkey skeleton (D:5)
  7 adders
  2 shadow imps (D:5)
  2 ufetubi
  4 worms
  A dart slug (D:3)
  4 orcs
  5 ball pythons
  4 endoplasms
  2 giant cockroaches
  3 goblins
  3 jackals (D:1)
  14 kobolds
  2 quokkas
  4 bats
  5 frilled lizards
  8 rats
102 creatures vanquished.

Vanquished Creatures (others)
  A water moccasin zombie (D:6)
  A bullfrog skeleton (D:6)
  An orc (D:6)
  8 plants (D:2)
11 creatures vanquished.

Grand Total: 113 creatures vanquished

Notes
Turn   | Place    | Note
-------+----------+-------------------------------------------
     0 | D:1      | Shayle the Vampire Air Elementalist began the quest for the
                  | Orb.
     0 | D:1      | Reached XP level 1. HP: 13/13 MP: 3/3
   193 | D:1      | Found a faded altar of an unknown god.
   429 | D:1      | Reached skill level 1 in Fighting
   429 | D:1      | Reached XP level 2. HP: 10/21 MP: 0/5
   912 | D:2      | Found Otoaghowk's Jewellery Shop.
  1216 | D:2      | Found Zitubbu's Weapon Shoppe.
  1223 | D:2      | Gained mutation: You are afflicted with vampirism and can
                  | become a bat while bloodless. [Vampire growth]
  1223 | D:2      | Reached XP level 3. HP: 26/26 MP: 4/6
  1718 | D:2      | Found Zuirr's Distillery.
  1808 | D:2      | Bought a potion of curing for 36 gold pieces
  1808 | D:2      | Bought a potion of heal wounds for 60 gold pieces
  1969 | D:2      | Noticed Jessica
  1974 | D:2      | Killed Jessica
  1975 | D:2      | Reached skill level 5 in Stealth
  1975 | D:2      | Reached XP level 4. HP: 33/33 MP: 2/7
  2164 | D:3      | Learned a level 2 spell: Static Discharge
  2181 | D:3      | Noticed Sigmund
  2213 | D:3      | Found a shadowy altar of Dithmenos.
  2639 | D:4      | Learned a level 4 spell: Airstrike
  2716 | D:3      | Noticed Natasha
  2756 | D:3      | Killed Natasha
  2757 | D:3      | Reached XP level 5. HP: 24/40 MP: 1/8
  2827 | D:3      | Noticed Natasha
  3026 | D:3      | Killed Sigmund
  3027 | D:3      | Reached skill level 4 in Air Magic
  3027 | D:3      | Reached XP level 6. HP: 32/47 MP: 0/9
  3263 | D:3      | Killed Natasha
  3408 | D:3      | Noticed Natasha
  3416 | D:3      | Killed Natasha
  3593 | D:3      | Reached skill level 5 in Air Magic
  3812 | D:4      | Reached XP level 7. HP: 27/43 MP: 3/10
  3991 | D:4      | Reached skill level 1 in Necromancy
  4366 | D:4      | Found an ornate altar of the Wu Jian Council.
  4373 | D:4      | Noticed a spectral centipede
  4373 | D:4      | Noticed a spectral black mamba
  4373 | D:4      | Noticed a spectral cane toad
  4409 | D:5      | Entered Level 5 of the Dungeon
  4412 | D:5      | Reached skill level 6 in Air Magic
  4586 | D:5      | Found a staircase to the Ecumenical Temple.
  4839 | D:5      | Found a shimmering blue altar of Sif Muna.
  5594 | Temple   | Entered the Ecumenical Temple
  5750 | Temple   | Became a worshipper of Gozag Ym Sagoz the Greedy
  6086 | D:5      | Reached XP level 8. HP: 54/54 MP: 1/11
  6560 | D:6      | Reached skill level 7 in Air Magic
  6736 | D:6      | Reached skill level 5 in Fighting
  6736 | D:6      | Reached skill level 1 in Unarmed Combat
  7117 | D:6      | Reached skill level 5 in Necromancy
  7396 | D:7      | Found a broken altar of Ashenzari.
  7445 | D:7      | Found the necklace of Bloodlust {*Rage Will++ Int-3 Slay+6}
  7844 | D:7      | Slain by an orc warrior

Illustrated notes

Levels and vault maps discovered:
D:1:      dpeg_arrival_stone_temple_mockup, layout_loops_ring,
          shapermc_ecumenical_altar_hornbeckon
D:2:      layout_loops_ring, serial_shops, shop, shop_coins,
          nicolae_shop_waterfront, lexackson_kobold_supper, uniq_jessica
D:3:      layout_basic, mainiacjoe_overflow_six_doors_small, lemuel_round_altar,
          nicolae_dithmenos_shadow_blocks, uniq_natasha, uniq_sigmund
D:4:      layout_loops_ring, pdpol_wu_jian_five_deadly_venoms,
          minmay_manual_mares
D:5:      layout_gridville, lemuel_coloured_pillars_altar, temple_pool_b
D:6:      layout_layer_cave, lemuel_flamethrower_2
D:7:      layout_rooms, lemuel_tele_altar, chei_slow_surprise,
          mainiacjoe_overflow_paths
Temple:   nicolae_temple_figure_eight

Skill      XL: |  1  2  3  4  5  6  7  8 |
---------------+-------------------------+-----
Fighting       | 1 2 3 4 5 |  5.4
Stealth        | 4 5 |  5.9
Air Magic      | 4 5 6 7 |  7.5
Necromancy     | 3 5 |  5.8
Unarmed Combat | 2 |  2.5
Dodging        | |  2.1
Spellcasting   | |  2.0
Conjurations   | |  0.6

Action                   |  1- 3 |  4- 6 |  7- 9 || total
-------------------------+-------+-------+-------++-------
Melee: Unarmed           |    30 |       |       ||    30
       Bite              |     3 |     3 |     7 ||    13
       Short sword       |     2 |    68 |    26 ||    96
       Punch             |       |     1 |     1 ||     2
       Battleaxe         |       |       |    29 ||    29
Throw: Dart              |       |       |     1 ||     1
 Cast: Shock             |    75 |    37 |     8 ||   120
       Static Discharge  |       |    11 |     3 ||    14
       Airstrike         |       |     4 |    47 ||    51
 Abil: Exsanguinate      |       |     1 |     1 ||     2
       Revivify          |       |       |     1 ||     1
Evoke: Wand              |       |       |     2 ||     2
  Use: Scroll            |       |     4 |     6 ||    10
       Potion            |       |     2 |     1 ||     3
 Stab: Sleeping          |     1 |     2 |       ||     3
Armor: Robe              |     4 |    22 |    22 ||    48
Dodge: Dodged            |    31 |    65 |    51 ||   147

Table legend: (Time is in decaauts)
 A = Elapsed time spent in this place.
 B = Non-inter-level travel time spent in this place.
 C = Inter-level travel time spent in this place.
 D = Time resting spent in this place.
 E = Time spent auto-exploring this place.
 F = Levels seen in this place.
 G = Mean time per level.
                   A        B        C        D        E       F      G
               +--------+--------+--------+--------+--------+-----+--------+
         Total |   7850 |   7544 |    306 |   1872 |   4151 |   8 |  981.2 |
       Dungeon |   7683 |   7387 |    296 |   1872 |   3999 |   7 | 1097.6 |
        Temple |    166 |    156 |     10 |      0 |    152 |   1 |  166.0 |
               +--------+--------+--------+--------+--------+-----+--------+

Top non-repeatable levels by time:
     D:5: 2127 daAuts
     D:3: 1358 daAuts
     D:2: 1297 daAuts
     D:4: 889 daAuts
     D:1: 845 daAuts
     D:7: 729 daAuts
     D:6: 436 daAuts
  Temple: 166 daAuts
